Cogmind - Beta 16.1 @@@ ROGUE MODE // 2026.02.26 @ 22:50:56 Player: stevie364 Result: Destroyed by B-99 Colossus with Multirail Performance ------------- Evolutions (9) 4500 Regions Visited (18) 3600 Robots Destroyed (90) 450 Value Destroyed (3259) 3259 Prototype IDs (77) 1540 Alien Tech Used (0) 0 Bonus (5096) 5096 TOTAL SCORE: 18445 Bonus ------- High Alert Combat Kills 54 Follower Combat Kills 1844 Hunted by Unchained 500 Network Hubs Disabled 200 Aligned with FarCom 300 Built Enhanced Grunts 300 Met R17 at Cetus 500 Met R17 at Research 2000 Friendly Fire -602 Cogmind --------- Core Integrity 0/1600 Matter 52/300 Energy 66/100 System Corruption 10% Temperature Cool (0) Movement Core (50) Location -1/Access Parts ------- > --- POWER (2) -------- (None) > --- PROPULSION (10) -- (None) > --- UTILITY (11) ----- Experimental Melee Analysis Suite > --- WEAPON (2) ------- (None) > --- INVENTORY (5) ---- Improved Heavy Treads Advanced Heavy Siege Treads Peak State ------------ > --- POWER ------------ Micro Antimatter Reactor Micro Antimatter Reactor > --- PROPULSION ------- Cooled VTOL Module Nuclear Pulse Thruster Field Propulsion Drive Impulse Thruster Impulse Thruster Impulse Thruster Impulse Thruster Impulse Thruster Field Propulsion Array > --- UTILITY ---------- Lightpack 2.0 Experimental Melee Analysis Suite Advanced Transmission Jammer Advanced ECM Suite Improved Cloaking Device Centrium Medium Armor Plating Improved Hacking Suite Improved Hacking Suite Experimental System Shield > --- WEAPON ----------- Enhanced Hardcell Cannon Heavy Pick > --- INVENTORY -------- Light Antimatter Reactor Micro Antimatter Reactor Light Quantum Reactor Light Quantum Reactor Improved Heavy Treads Advanced Heavy Siege Treads Advanced Heavy Siege Treads Advanced Heavy Siege Treads Advanced Heavy Siege Treads Impulse Thruster Impulse Thruster High-capacity Storage Unit Advanced Terrain Scanner Experimental Melee Analysis Suite Improved Kinecellerator Microactuators Stasis Canceller Improved Reaction Control System Improved Reaction Control System Improved Phase Shifter Centrium Medium Armor Plating Graphene Brace Improved Shield Generator Enhanced Quantum Rifle Compact HERF Cannon Enhanced Nova Cannon Advanced KE Penetrator Helical Railgun Enhanced Hardcell Cannon Enhanced Hardcell Cannon Scatter Rocket Array Micro-nuke Launcher Fusion Bomb Launcher Hellfire Missile Launcher Heavy Pick [Rating: 207] Favorites ----------- Power Light Antimatter Reactor Engine Light Deuterium Engine Reactor Light Antimatter Reactor Propulsion Nuclear Pulse Thruster Treads Light Treads Leg Titanium Leg Hover Unit Airjet Flight Unit Nuclear Pulse Thruster Utility Improved Hacking Suite Device Advanced ECM Suite Storage Lightpack 2.0 Processor Experimental Melee Analysis Suite Hackware Improved Hacking Suite Protection Centrium Medium Armor Plating Weapon Spear Energy Gun Particle Gun Energy Cannon Neutron Cannon Ballistic Gun Advanced KE Penetrator Ballistic Cannon Light Cannon Launcher Grenade Launcher Piercing Weapon Spear Build | -11 -10 -10 -10 -9 -8 -7 -6 -6 -6 -5 -5 -5 -5 -5 -4 -3 -2 -1 ------- Run | Yrd Mat Min Exi Min Mat Fac Fac Was Fac Fac Ext Cet Arc Hub Fac Res Res Acc Slots Evolved 18 | . . . . . 4 2 2 . . 2 . . . . 2 2 2 2 Power 1 | . . . . . . . . . . . . . . . . 1 . . Propulsion 8 | . . . . . 1 2 . . . 1 . . . . . 1 1 2 Utility 9 | . . . . . 3 . 2 . . 1 . . . . 2 . 1 . Weapon . | . . . . . . . . . . . . . . . . . . . Parts Attached 133 | 7 2 5 1 . 6 21 6 2 8 4 6 5 5 . 9 7 16 23 Power 13 | 1 1 1 . . . 1 1 . . . 1 . 1 . 1 3 1 1 Engine 7 | 1 1 1 . . . 1 1 . . . 1 . 1 . . . . . Core . | . . . . . . . . . . . . . . . . . . . Reactor 6 | . . . . . . . . . . . . . . . 1 3 1 1 Propulsion 44 | 2 . 2 . . 2 10 2 . 1 1 3 . 1 . 2 1 2 15 Treads 4 | 2 . . . . . . . . . . . . . . . . . 2 Leg 4 | . . 2 . . 2 . . . . . . . . . . . . . Wheel . | . . . . . . . . . . . . . . . . . . . Hover 1 | . . . . . . 1 . . . . . . . . . . . . Flight 35 | . . . . . . 9 2 . 1 1 3 . 1 . 2 1 2 13 Utility 46 | 2 . . 1 . 2 4 3 2 1 3 1 3 3 . 6 2 8 5 Device 26 | 1 . . 1 . . 1 2 1 . 1 . . . . 5 2 7 5 Storage 2 | 1 . . . . 1 . . . . . . . . . . . . . Processor 2 | . . . . . . 1 . . . . . . . . . . 1 . Hackware 10 | . . . . . . 1 1 . 1 2 1 . 3 . 1 . . . Protection 6 | . . . . . 1 1 . 1 . . . 3 . . . . . . Artifact . | . . . . . . . . . . . . . . . . . . . Weapon 30 | 2 1 2 . . 2 6 . . 6 . 1 2 . . . 1 5 2 Energy Gun 3 | . . . . . 1 2 . . . . . . . . . . . . Energy Cannon 1 | . . . . . . . . . . . . 1 . . . . . . Ballistic Gun 11 | 2 . 1 . . 1 2 . . 3 . 1 1 . . . . . . Ballistic Cannon 4 | . 1 . . . . . . . . . . . . . . . 2 1 Launcher 8 | . . 1 . . . 1 . . 3 . . . . . . 1 1 1 Special Weapon . | . . . . . . . . . . . . . . . . . . . Impact Weapon . | . . . . . . . . . . . . . . . . . . . Slashing Weapon . | . . . . . . . . . . . . . . . . . . . Piercing Weapon 3 | . . . . . . 1 . . . . . . . . . . 2 . Special Melee Weapon . | . . . . . . . . . . . . . . . . . . . Unidentified Prototypes 25 | . . . 1 . . 6 . 2 4 . . 3 . . 3 3 3 . Parts Lost 50 | . . . . . 3 4 . . 1 . 3 . 3 1 1 . 5 29 Power 5 | . . . . . . . . . . . 1 . . . . . 2 2 Propulsion 25 | . . . . . 1 2 . . 1 . 1 . 3 1 . . 2 14 Utility 14 | . . . . . . 1 . . . . 1 . . . 1 . 1 10 Weapon 6 | . . . . . 2 1 . . . . . . . . . . . 3 Highest Loss Streak 25 | . . . . . 2 2 . . 1 . 1 . 3 1 1 . 5 25 To Critical Strikes 1 | . . . . . . . . . . . . . . . . . 1 . Average Backups 30 | 1 6 8 7 5 19 38 39 39 39 39 39 39 37 39 38 37 39 32 Power 3 | . 2 1 . . . 4 4 4 4 5 4 4 3 4 4 3 4 4 Propulsion 6 | 1 3 3 2 1 3 6 7 8 9 11 12 12 8 7 6 7 7 5 Utility 10 | . . 1 . 1 4 11 12 13 12 10 10 13 14 16 15 16 16 11 Weapon 10 | . 1 2 3 3 10 15 15 14 11 11 11 10 11 11 11 9 10 12 Tool/Special . | . . . . . . . . . . . . . . . . . . . Unused Backups 123 | . 1 3 2 1 3 12 5 2 13 2 5 8 4 . 10 15 13 24 Power 16 | . . 2 . . . . 2 1 . . 1 . . . 2 2 1 5 Propulsion 28 | . 1 . 1 1 2 2 . . 4 1 2 1 . . 3 4 3 3 Utility 38 | . . 1 1 . . 3 3 . 5 . 1 3 2 . 3 5 3 8 Weapon 41 | . . . . . 1 7 . 1 4 1 1 4 2 . 2 4 6 8 Tool/Special . | . . . . . . . . . . . . . . . . . . . Average Slot Usage (%) 83 | . 100 99 100 100 75 81 85 86 86 87 81 82 87 86 75 79 72 84 Engine 5 | . 14 14 14 14 9 7 6 6 6 5 4 5 5 5 1 . . . Reactor 2 | . . . . . . . . . . . . . . . 3 9 7 7 Treads 1 | . 28 1 . . . . . . . . . . . . . . . . Leg 5 | . . 26 28 28 24 . . . . . . . . . . . . . Flight 22 | . . . . . . 35 33 33 33 35 29 29 34 33 21 22 17 34 Device 8 | . 14 14 14 14 9 6 13 13 7 5 . . . . 6 9 10 11 Storage 6 | . 14 14 14 14 9 7 6 6 6 5 5 5 5 5 5 4 4 3 Hackware 12 | . . . . . . 6 12 13 18 22 23 23 23 23 21 19 16 11 Protection 2 | . . . . . 6 . . . . . 4 5 5 5 4 4 3 3 Ballistic Gun 7 | . 20 14 14 14 10 6 6 6 6 5 10 9 5 5 5 4 1 . Ballistic Cannon 2 | . 7 13 . 14 7 . . . . . . . . . . . 1 . Piercing Weapon 3 | . . . . . . 5 6 6 5 5 . . . . 5 4 5 7 Peak Build Rating 207 | 7 8 16 23 18 59 76 91 96 95 104 112 125 126 126 155 170 191 207 Average Rating 105 | 5 7 15 16 18 51 71 86 91 93 103 107 118 123 124 143 164 183 188 On Entrance 81 | . 7 8 16 18 18 57 76 91 91 94 104 112 125 126 116 155 168 169 Avg Prop Armor Cover (%) 6 | . . . . . . 6 . . . . . . . . 1 . 10 6 Naked Turns . | . . . . . . . . . . . . . . . . . . . Heaviest Build 59 | 13 14 17 17 17 25 19 24 24 25 22 35 36 36 36 36 48 59 51 Greatest Support 74 | 40 40 40 34 34 44 28 29 29 29 34 36 36 37 36 42 52 66 74 Greatest Overweight (x) 5 | . . 5 . . . . . . . . . . . . . . 3 1 Average Overweight (x) . | . . . . . . . . . . . . . . . . . . . Largest Inventory Capacity 40 | 8 8 8 8 8 40 40 40 40 40 40 40 40 40 40 40 40 40 40 Average Capacity 34 | 7 8 8 8 8 39 40 40 40 40 40 40 40 40 40 40 40 40 38 Most Carried 40 | 5 8 8 8 8 34 40 40 40 40 40 40 40 40 39 40 40 40 40 Average Carried 31 | 2 6 8 7 7 19 38 39 39 39 39 39 39 37 38 38 38 39 37 Final Capacity 40 | 8 8 8 8 8 40 40 40 40 40 40 40 40 40 40 40 40 40 5 Final Carried 40 | 4 8 8 8 8 33 40 40 40 40 39 40 40 39 39 39 40 37 4 Class Distribution -------------------- 50% | Hacker-Sprinter 19% | Hauler-Sprinter 17% | Mutant 7% | Hauler-Mutant 3% | Hacker-Mutant Dominant Class ---------------- Mutant | -10/Materials Mutant | -10/Mines Mutant | -10/Exiles Mutant | -9/Mines Hauler-Mutant | -8/Materials Hauler-Sprinter | -7/Factory Hauler-Sprinter | -6/Factory Hauler-Sprinter | -6/Waste Hauler-Sprinter | -6/Factory Hacker-Sprinter | -5/Factory Hacker-Sprinter | -5/Extension Hacker-Sprinter | -5/Cetus Hacker-Sprinter | -5/Archives Hacker-Sprinter | -5/Hub_04(d) Hacker-Sprinter | -4/Factory Hacker-Sprinter | -3/Research Hacker-Sprinter | -2/Research Hacker-Sprinter | -1/Access Resources | -11 -10 -10 -10 -9 -8 -7 -6 -6 -6 -5 -5 -5 -5 -5 -4 -3 -2 -1 ----------- Run | Yrd Mat Min Exi Min Mat Fac Fac Was Fac Fac Ext Cet Arc Hub Fac Res Res Acc Matter Collected 3849 | 306 163 72 . 144 378 322 . 186 208 . 716 274 299 17 115 207 250 192 Remotely . | . . . . . . . . . . . . . . . . . . . Salvage Created 3803 | 156 225 77 . 17 524 202 . . 414 . 701 155 363 186 . 203 251 329 Parts 200 | 16 10 6 . 6 23 10 . . 11 . 37 5 24 7 . 6 15 24 Haulers Intercepted 6 | . . . . . 1 1 . . 2 . . . . . . 2 . . Recyclers Shooed 2 | . . . . . 1 . . . 1 . . . . . . . . . Parts Field Recycled . | . . . . . . . . . . . . . . . . . . . Retrieved Matter . | . . . . . . . . . . . . . . . . . . . Parts Self-Destructed . | . . . . . . . . . . . . . . . . . . . Prevented . | . . . . . . . . . . . . . . . . . . . Parts Restored . | . . . . . . . . . . . . . . . . . . . Kills | -11 -10 -10 -10 -9 -8 -7 -6 -6 -6 -5 -5 -5 -5 -5 -4 -3 -2 -1 ------- Run | Yrd Mat Min Exi Min Mat Fac Fac Was Fac Fac Ext Cet Arc Hub Fac Res Res Acc Combat Hostiles Destroyed 56 | . 4 5 . 1 10 4 . . 4 . 13 2 1 . . . 4 8 Melee 10 | . . . . . . . . . 1 . . . . . . . 4 5 Guns 26 | . 3 2 . . 7 4 . . . . 8 1 1 . . . . . Cannons 6 | . 1 1 . 1 3 . . . . . . . . . . . . . AOE 13 | . . 2 . . . . . . 3 . 5 . . . . . . 3 Classes Destroyed 15 | 2 2 1 . 1 5 . . . . . 1 . 1 1 . . 1 . Worker 2 | . 1 . . . . . . . . . . . . 1 . . . . Builder 3 | . . . . . 1 . . . . . 1 . . 1 . . . . Tunneler 5 | 4 . . . 1 . . . . . . . . . . . . . . Hauler 6 | . . . . . 1 1 . . 2 . . . . . . 2 . . Recycler 6 | 1 1 . . . 1 1 . . 1 . . . . 1 . . . . Operator 7 | . . . . . . . . . . . . . 7 . . . . . Watcher 4 | . . . . . 1 . . . . . 2 1 . . . . . . Swarmer 21 | . . 3 . . . 4 . . 3 . 5 . . . . . . 6 Grunt 20 | . 4 2 . . 7 . . . 1 . 3 1 . . . . . 2 Sentry 6 | . . . . . 2 . . . . . 3 . 1 . . . . . Hunter 2 | . . . . . 1 . . . . . 1 . . . . . . . Programmer 4 | . . . . . . . . . . . . . . . . . 4 . Behemoth 1 | . . . . . . . . . . . 1 . . . . . . . Cetus Guard 1 | . . . . . . . . . . . . 1 . . . . . . Assembled 1 | . . . . 1 . . . . . . . . . . . . . . Surgeon 1 | . . . . . . . . . . . . . . 1 . . . . Guerrilla 1 | . . . . . . . . . . . . . 1 . . . . . Best Kill Streak 5 | 4 3 3 . 1 4 3 . . 3 . 5 2 4 3 . 1 2 5 Combat Bots Only 5 | . 2 3 . 1 4 3 . . 3 . 5 1 1 . . . 2 5 Max Kills in Single Turn 4 | 1 1 2 . 1 1 2 . . 3 . 3 1 2 4 . 1 1 3 Gunslinging 1 | . . . . . . 1 . . . . . . . . . . . . Exploded 3 | . . 2 . . . . . . 3 . 3 . . . . . . 3 Melee 1 | . . . . . . . . . 1 . . . . . . . 1 1 Uniques/NPCs Destroyed . | . . . . . . . . . . . . . . . . . . . Combat | -11 -10 -10 -10 -9 -8 -7 -6 -6 -6 -5 -5 -5 -5 -5 -4 -3 -2 -1 -------- Run | Yrd Mat Min Exi Min Mat Fac Fac Was Fac Fac Ext Cet Arc Hub Fac Res Res Acc Hostile Shots Fired 780 | . 25 19 . 5 45 44 2 . 7 . 83 25 21 5 16 16 161 306 Missed 336 | . 6 4 . 2 10 23 2 . 6 . 32 12 11 3 14 10 77 124 Hits 444 | . 19 15 . 3 35 21 . . 1 . 51 13 10 2 2 6 84 182 Melee 1 | . . . . . 1 . . . . . . . . . . . . . Projectile 443 | . 19 15 . 3 34 21 . . 1 . 51 13 10 2 2 6 84 182 Critical Strikes 27 | . . . . 1 1 . . . . . 3 3 . . . . 6 13 Part Disruptions 1 | . . . . . . . . . . . . . . . . . 1 . Damage Taken 9793 | . 277 167 . 37 496 403 . . 87 45 988 386 304 167 49 131 2124 4132 Core 2584 | . 105 47 . . 59 66 . . . 23 121 111 28 50 25 43 297 1609 Absorbed by Shields 194 | . . . . . . . . . . . 94 100 . . . . . . Regen/Repaired (Parts) 1570 | . . . . . . . . . 11 15 368 58 34 . . 763 321 . Core Remaining (%) 84 | 100 . . . 39 89 90 . . 100 . . . . 66 97 96 79 . Volleys Fired 277 | 9 20 8 . 6 34 13 . . 10 . 66 28 57 3 . 8 5 10 Largest 2 | 2 2 2 . 2 2 2 . . 2 . 2 2 2 1 . 1 1 1 Hottest 125 | 40 50 55 . 55 55 90 . . 60 . 63 63 125 35 . 35 58 58 Shots Fired 472 | 18 40 16 . 12 67 25 . . 13 . 128 56 71 3 . 8 5 10 Gun 395 | 18 35 8 . 6 47 25 . . 9 . 124 56 56 3 . 8 . . Cannon 61 | . 5 4 . 6 20 . . . . . . . 15 . . . 5 6 Launcher 16 | . . 4 . . . . . . 4 . 4 . . . . . . 4 Special . | . . . . . . . . . . . . . . . . . . . Kinetic 428 | 18 40 12 . 12 67 12 . . 9 . 124 56 56 3 . 8 5 6 Thermal 28 | . . . . . . 13 . . . . . . 15 . . . . . Explosive 16 | . . 4 . . . . . . 4 . 4 . . . . . . 4 Electromagnetic . | . . . . . . . . . . . . . . . . . . . Robot Hit Streak 12 | 8 11 5 . 3 10 3 . . 4 . 12 7 6 2 . 2 . . Robot Miss Streak 6 | 1 2 5 . 6 4 2 . . 1 . 3 4 3 . . 2 . . Penetration Max 2 | . . . . . . . . . . . 2 2 1 . . . . . Secondary Targets 2 | . . . . . 1 1 . . . . . . . . . . . . Max Gunslinging Chain 1 | . . . . . 1 1 . . . . . . . . . . . . Shots Hit Robots 351 | 12 30 9 . 5 52 18 . . 28 . 73 35 42 1 . 15 19 12 Core Hits 190 | 6 11 8 . 3 28 8 . . 15 . 40 14 15 11 . 4 7 20 Critical Kills 3 | . . . . . . . . . . . 2 . 1 . . . . . Critical Parts Destroyed 16 | 1 . . . . . . . . . . 2 2 10 . . 1 . . Critical Strikes 29 | 1 . . . . 1 . . . 1 . 6 4 12 . . 2 1 1 Destroy 24 | 1 . . . . . . . . . . 6 4 12 . . 1 . . Blast 1 | . . . . . 1 . . . . . . . . . . . . . Impale 4 | . . . . . . . . . 1 . . . . . . 1 1 1 Melee Attacks 165 | . . . . . . 14 8 . 27 3 2 . . . 15 21 33 42 Impact . | . . . . . . . . . . . . . . . . . . . Slashing . | . . . . . . . . . . . . . . . . . . . Piercing 165 | . . . . . . 14 8 . 27 3 2 . . . 15 21 33 42 Sneak Attacks 9 | . . . . . . 2 . . 4 . . . . . . 2 1 . Combat Hostiles 1 | . . . . . . . . . . . . . . . . . 1 . Follow-up Attacks 4 | . . . . . . . . . . . . . . . . . 3 1 Damage Inflicted 11512 | 142 400 247 . 95 930 425 . . 1525 . 2264 942 1393 456 . 632 808 1253 Guns 5717 | 142 337 103 . 41 698 241 . . 200 . 1852 942 1008 30 . 123 . . Cannons 796 | . 57 68 . 54 232 . . . . . . . 385 . . . . . Explosions 1856 | . . 73 . . . . . . 241 . 412 . . 426 . . . 704 Melee 3134 | . . . . . . 184 . . 1084 . . . . . . 509 808 549 Ramming 9 | . 6 3 . . . . . . . . . . . . . . . . Kinetic 6017 | 142 394 171 . 95 930 130 . . 200 . 1852 942 1008 30 . 123 . . Thermal 496 | . . . . . . 111 . . . . . . 385 . . . . . Explosive 1430 | . . 73 . . . . . . 241 . 412 . . . . . . 704 Electromagnetic 426 | . . . . . . . . . . . . . . 426 . . . . Impact . | . . . . . . . . . . . . . . . . . . . Slashing . | . . . . . . . . . . . . . . . . . . . Piercing 3134 | . . . . . . 184 . . 1084 . . . . . . 509 808 549 Highest Corruption 10 | . . . . . . . . . . . . . . 1 . . 10 10 Average Corruption 3 | . . . . . . . . . . . . . . 1 . . 4 1 Corruption Purged . | . . . . . . . . . . . . . . . . . . . Corruption Blocked . | . . . . . . . . . . . . . . . . . . . Effects 15 | . . . . . . . . . . . . . . . . . 8 7 Message Errors 4 | . . . . . . . . . . . . . . . . . 3 1 Matter Fused 1 | . . . . . . . . . . . . . . . . . 1 . Heat Flow Errors 2 | . . . . . . . . . . . . . . . . . . 2 Energy Discharges 1 | . . . . . . . . . . . . . . . . . 1 . Data Loss (minor) 4 | . . . . . . . . . . . . . . . . . 1 3 Data Loss (major) 2 | . . . . . . . . . . . . . . . . . 2 . Alerts 1 | . . . . . . . . . . . . . . . . . . 1 Overload Shots . | . . . . . . . . . . . . . . . . . . . Overflow Damage 162 | . . . . . . 49 . . . . 28 . 30 35 . . 20 . Projectiles 30 | . . . . . . . . . . . . . 30 . . . . . Explosions 63 | . . . . . . . . . . . 28 . . 35 . . . . Melee 69 | . . . . . . 49 . . . . . . . . . . 20 . Knockbacks 7 | . . 1 . 1 5 . . . . . . . . . . . . . Impact . | . . . . . . . . . . . . . . . . . . . Kinetic 5 | . . 1 . 1 3 . . . . . . . . . . . . . Secondary 2 | . . . . . 2 . . . . . . . . . . . . . Self-Inflicted Damage 198 | . . . . . . . . . . . . . . 100 . . . 98 Shots 6 | . . . . . . . . . . . . . . 1 . . . 5 Rammed . | . . . . . . . . . . . . . . . . . . . Targets Rammed 2 | . 1 1 . . . . . . . . . . . . . . . . Kicked 1 | . . 1 . . . . . . . . . . . . . . . . Crushed 1 | . 1 . . . . . . . . . . . . . . . . . Highest Temperature 419 | . 8 31 . . 41 156 4 . 13 84 75 24 419 36 . 173 60 406 Average Temperature 56 | . 2 20 . . 7 30 2 . 6 34 15 11 115 13 . 52 21 75 Received Heat Transfer 814 | . 165 57 . . 180 18 . . 18 . 178 72 36 . 18 18 . 54 Effects 9 | . . . . . . . . . . . . . 4 . . . . 5 Shutdowns 2 | . . . . . . . . . . . . . 1 . . . . 1 Energy Bleed 3 | . . . . . . . . . . . . . 2 . . . . 1 Interference 2 | . . . . . . . . . . . . . . . . . . 2 Short Circuit 1 | . . . . . . . . . . . . . 1 . . . . . Damage (minor) 1 | . . . . . . . . . . . . . . . . . . 1 Siege Activations . | . . . . . . . . . . . . . . . . . . . Martial Activations . | . . . . . . . . . . . . . . . . . . . Shielding Activations . | . . . . . . . . . . . . . . . . . . . Robots Disrupted . | . . . . . . . . . . . . . . . . . . . Combat Hostiles . | . . . . . . . . . . . . . . . . . . . Robots Corrupted . | . . . . . . . . . . . . . . . . . . . Combat Hostiles . | . . . . . . . . . . . . . . . . . . . Parts Fried 2 | . . . . . . . . . . . 1 . . 1 . . . . Impact Corruptions . | . . . . . . . . . . . . . . . . . . . Robots Melted . | . . . . . . . . . . . . . . . . . . . Combat Hostiles . | . . . . . . . . . . . . . . . . . . . Parts Melted 2 | . . . . . . . . . . . 1 1 . . . . . . Heat Transferred 259 | . . . . . . 259 . . . . . . . . . . . . Parts Sabotaged . | . . . . . . . . . . . . . . . . . . . Parts Stolen . | . . . . . . . . . . . . . . . . . . . Parts Stripped . | . . . . . . . . . . . . . . . . . . . Power Chain Reactions 2 | . . . . . . . . . . . . . . 2 . . . . Alert | -11 -10 -10 -10 -9 -8 -7 -6 -6 -6 -5 -5 -5 -5 -5 -4 -3 -2 -1 ------- Run | Yrd Mat Min Exi Min Mat Fac Fac Was Fac Fac Ext Cet Arc Hub Fac Res Res Acc Maximum Alert Level 2 | . . . . . . . . . 2 1 2 2 1 2 1 . . . Low Security (%) 82 | 100 100 100 . 100 100 100 100 100 41 35 57 . 4 82 82 100 100 100 Level 1 9 | . . . . . . . . . 21 64 23 17 95 . 17 . . . Level 2 7 | . . . . . . . . . 36 . 19 82 . 17 . . . . Level 3 . | . . . . . . . . . . . . . . . . . . . Level 4 . | . . . . . . . . . . . . . . . . . . . Level 5 . | . . . . . . . . . . . . . . . . . . . High Security . | . . . . . . . . . . . . . . . . . . . Max Security . | . . . . . . . . . . . . . . . . . . . Peak Influence 645 | 10 45 94 . 5 153 104 16 . 502 262 645 568 279 477 224 52 64 145 Initial 327 | . . 5 . . . 62 4 . . 238 53 327 198 78 224 . 13 . Average 90 | 1 11 6 . . 25 20 1 . 278 193 251 473 243 141 151 13 13 17 Influence Increases 5468 | 25 143 144 . 5 315 302 36 . 801 42 1090 531 237 441 218 277 224 637 Destroy 0b10 Robot/C 1840 | . 80 100 . . 200 80 . . 320 . 500 240 80 . . . 80 160 Destroy 0b10 Robot/NC 180 | 25 10 . . 5 20 10 . . 20 5 20 5 35 15 . 10 . . Destroy Leader 272 | . 20 20 . . 44 12 . . 56 2 54 10 . . . 4 30 20 Allied During Kill 929 | . . . . . . . . . 292 2 334 209 81 11 . . . . Trap Triggered on 0b10 10 | . . . . . . . . . . . 10 . . . . . . . Successful Hack 524 | . 32 . . . 4 56 16 . 70 14 20 . . . 38 114 69 91 Disable Machine 150 | . . . . . . 15 . . 15 . . . 15 75 . . . 30 Anti-Garrison Action 150 | . . . . . . . . . . . . . . 150 . . . . Destroy Structure 603 | . 1 24 . . 2 9 5 . 28 4 62 52 26 190 30 14 45 111 Partial Spotted 315 | . . . . . . 75 15 . . 15 75 . . . . 60 . 75 Lose Combat Pursuer 495 | . . . . . 45 45 . . . . 15 15 . . 150 75 . 150 Influence Decreases 5391 | 25 128 73 86 5 178 429 46 . 314 419 615 620 508 207 677 252 249 560 Entered New Map 1433 | . . 10 86 . . 75 6 . . 249 57 258 298 147 235 . 12 . Time Decay 2853 | 25 128 63 . 5 138 314 40 . 184 130 458 222 160 20 245 237 204 280 Lost Part 463 | . . . . . 30 40 . . 10 . 30 . 30 10 . . 33 280 Lost Ally 440 | . . . . . 10 . . . 120 40 70 140 20 30 10 . . . Purge Threat 202 | . . . . . . . . . . . . . . . 187 15 . . Squads Dispatched 52 | . . 1 . . 3 6 3 . 4 1 3 1 . 4 2 10 6 8 Investigation 17 | . . 1 . . 1 3 . . . . 1 1 . . . 6 2 2 Extermination 16 | . . . . . . 3 2 . 1 . . . . . 1 . 3 6 Reinforcement 15 | . . . . . . . 1 . 3 1 2 . . 2 1 4 1 . Assault 2 | . . . . . . . . . . . . . . 2 . . . . Garrison 2 | . . . . . 2 . . . . . . . . . . . . . Intercept . | . . . . . . . . . . . . . . . . . . . Searches Triggered . | . . . . . . . . . . . . . . . . . . . Construction Impeded 2 | . . . . . . . . . . . 2 . . . . . . . Haulers Reinforced 5 | . . . . . . . . . 3 . . . . . . 2 . . Active Scanning Responses . | . . . . . . . . . . . . . . . . . . . Cargo Convoy Interrupts . | . . . . . . . . . . . . . . . . . . . Stealth | -11 -10 -10 -10 -9 -8 -7 -6 -6 -6 -5 -5 -5 -5 -5 -4 -3 -2 -1 --------- Run | Yrd Mat Min Exi Min Mat Fac Fac Was Fac Fac Ext Cet Arc Hub Fac Res Res Acc Distress Signals 25 | . 1 . . . 2 1 3 . 1 1 1 2 . . 2 7 2 2 Communications Jammed 31 | . . . . . . . 7 . 4 . . . . . . . 5 15 Distress Signals 31 | . . . . . . . 7 . 4 . . . . . . . 5 15 Times Spotted 275 | . 7 5 . 3 16 19 11 . 15 4 24 16 28 9 11 19 37 51 Peak Tracking Total 17 | . 3 3 . 3 4 6 5 . 6 1 5 5 4 13 7 3 9 17 Tactical Retreats 36 | . . . . 2 3 3 3 . . . 1 1 . . 6 4 6 7 ECM-based Alert Blocks 24 | . . . . . . . 6 . . . . . . . . . 15 3 Traps | -11 -10 -10 -10 -9 -8 -7 -6 -6 -6 -5 -5 -5 -5 -5 -4 -3 -2 -1 ------- Run | Yrd Mat Min Exi Min Mat Fac Fac Was Fac Fac Ext Cet Arc Hub Fac Res Res Acc Traps Triggered 17 | . . . . . 1 4 3 . . . 1 . . . 1 1 3 3 Indirectly . | . . . . . . . . . . . . . . . . . . . Trap Hack Attempts . | . . . . . . . . . . . . . . . . . . . Triggered . | . . . . . . . . . . . . . . . . . . . Disarmed 6 | . . . . . . . . . . . . . . . 6 . . . Reprogrammed 6 | . . . . . . . . . 2 . 4 . . . . . . . Reused 1 | . . . . . . . . . . . 1 . . . . . . . Traps Extracted . | . . . . . . . . . . . . . . . . . . . Installed 3 | . . 3 . . . . . . . . . . . . . . . . Triggered 1 | . . . . . . . . . . . 1 . . . . . . . Machines | -11 -10 -10 -10 -9 -8 -7 -6 -6 -6 -5 -5 -5 -5 -5 -4 -3 -2 -1 ---------- Run | Yrd Mat Min Exi Min Mat Fac Fac Was Fac Fac Ext Cet Arc Hub Fac Res Res Acc Machines Disabled 15 | . . . . . . 1 . . 1 . 4 . 1 6 . . . 2 Max in Single Turn 6 | . . . . . . 1 . . 1 . 2 . 1 6 . . . 1 Garrison Access 8 | . . . . . . 2 . . 1 . . . . 1 . 1 1 2 Network Hub 1 | . . . . . . . . . . . . . . 1 . . . . Machines Repaired . | . . . . . . . . . . . . . . . . . . . Machines Dismantled . | . . . . . . . . . . . . . . . . . . . Machines Sabotaged . | . . . . . . . . . . . . . . . . . . . Overloaded Fab Kills . | . . . . . . . . . . . . . . . . . . . Hacking | -11 -10 -10 -10 -9 -8 -7 -6 -6 -6 -5 -5 -5 -5 -5 -4 -3 -2 -1 --------- Run | Yrd Mat Min Exi Min Mat Fac Fac Was Fac Fac Ext Cet Arc Hub Fac Res Res Acc Machines Accessed 97 | . 4 1 1 . 2 16 4 . 7 1 20 2 1 . 7 10 11 10 Terminals 71 | . 4 . . . 2 10 4 . 6 1 19 2 . . 7 4 6 6 Fabricators . | . . . . . . . . . . . . . . . . . . . Repair Stations 6 | . . . . . . . . . . . 1 . . . . 3 2 . Recycling Units 2 | . . . . . . 1 . . . . . . . . . 1 . . Scanalyzers 7 | . . . . . . 3 . . . . . . . . . 1 2 1 Garrison Access 8 | . . . . . . 2 . . 1 . . . . . . 1 1 3 Total Hacks 336 | . 19 1 1 . 7 34 13 . 26 2 46 8 2 . 45 44 48 40 Successful 207 | . 12 1 1 . 5 15 6 . 18 1 29 5 2 . 36 29 32 15 Failed 123 | . 7 . . . 2 18 7 . 7 1 17 3 . . 8 14 15 24 Catastrophic 20 | . . . . . . 4 4 . 1 . 2 . . . . . 2 7 Database Lockouts 6 | . . . . . . 1 . . 1 . . . . . 1 1 1 1 Manual 129 | . 9 . 1 . 6 11 10 . 17 2 20 1 . . 18 3 17 14 Terminals 271 | . 19 . . . 7 22 13 . 24 2 41 8 . . 45 24 34 32 Fabricators . | . . . . . . . . . . . . . . . . . . . Repair Stations 22 | . . . . . . . . . . . 5 . . . . 11 6 . Recycling Units 2 | . . . . . . 1 . . . . . . . . . 1 . . Scanalyzers 24 | . . . . . . 7 . . . . . . . . . 6 6 5 Garrison Access 13 | . . . . . . 4 . . 2 . . . . . . 2 2 3 Terminal Hacks 138 | . 9 1 1 . 3 5 4 . 12 1 22 5 2 . 32 13 19 9 Record 35 | . . . . . . 2 . . 4 . 10 4 2 . 5 3 4 1 Part Schematic 2 | . . . . . . 1 . . 1 . . . . . . . . . Robot Analysis 7 | . 1 . . . . . . . . . . . . . 3 1 2 . Prototype ID Bank 13 | . 3 . . . 2 . 1 . 1 . . . . . 4 1 1 . Open Door 11 | . . 1 . . . . . . . . 9 1 . . . . . . Level Access Points 7 | . 1 . . . . 1 1 . 1 . . . . . 1 1 1 . Branch Access Points 4 | . 1 . . . . . . . 1 . . . . . 1 1 . . Emergency Access Points 3 | . . . . . . . . . . . . . . . 1 . 1 1 Machine Index 5 | . . . . . . 1 . . . . 1 . . . 1 1 1 . Terminal Index 5 | . . . . . . . 1 . 1 1 . . . . 1 . 1 . Repair Station Index 1 | . . . . . . . . . . . . . . . . . . 1 Recycling Unit Index 2 | . 1 . . . . . . . . . . . . . 1 . . . Scanalyzer Index 2 | . . . . . . . . . . . . . . . 1 . . 1 Garrison Index 2 | . . . . . . . . . . . . . . . 1 . . 1 Alert Level 3 | . . . . . . . . . . . . . . . 1 1 1 . Unreport Threat 3 | . . . . . . . . . . . . . . . 2 1 . . Locate Traps 8 | . . . . . . . 1 . 1 . . . . . 2 . 2 2 Disarm Traps 2 | . . . . . . . . . . . . . . . 2 . . . Reprogram Traps 2 | . . . . . . . . . 1 . 1 . . . . . . . Dispatch Records 1 | . . . . . . . . . . . . . . . . . 1 . Maintenance Status 1 | . . . . . . . . . . . . . . . 1 . . . Transport Status 1 | . . . . . . . . . . . . . . . . 1 . . Extermination Status 1 | . . . . . . . . . 1 . . . . . . . . . Recall Investigation 2 | . . . . . . . . . . . . . . . . . 1 1 Recall Extermination 2 | . . . . . . . . . . . . . . . 1 . 1 . Recall Reinforcements 1 | . . . . . . . . . . . 1 . . . . . . . Hauler Manifests 3 | . . . . . 1 . . . . . . . . . 1 1 . . Registered Components 4 | . 1 . . . . . . . . . . . . . 1 1 1 . Registered Prototypes 2 | . . . . . . . . . . . . . . . 1 . 1 . Zone Layout 2 | . 1 . . . . . . . . . . . . . . . . 1 Proto ID Catalog 1 | . . . 1 . . . . . . . . . . . . . . . Fabricator Hacks . | . . . . . . . . . . . . . . . . . . . Repair Station Hacks 19 | . . . . . . . . . . . 5 . . . . 10 4 . Scan Component 10 | . . . . . . . . . . . 3 . . . . 5 2 . Repair 9 | . . . . . . . . . . . 2 . . . . 5 2 . Recycling Unit Hacks 2 | . . . . . . 1 . . . . . . . . . 1 . . Report Inventory 2 | . . . . . . 1 . . . . . . . . . 1 . . Scanalyzer 15 | . . . . . . 6 . . . . . . . . . 2 4 3 Insert Component 5 | . . . . . . 2 . . . . . . . . . 1 1 1 Analyze 3 | . . . . . . 2 . . . . . . . . . . 1 . Retrieve Study 7 | . . . . . . 2 . . . . . . . . . 1 2 2 Garrison Access Hacks 7 | . . . . . . 2 . . 1 . . . . . . 1 1 2 Seal Access 7 | . . . . . . 2 . . 1 . . . . . . 1 1 2 Unauthorized Hacks 26 | . 3 . . . 2 1 2 . 5 . 2 . . . 4 2 4 1 Terminals 26 | . 3 . . . 2 1 2 . 5 . 2 . . . 4 2 4 1 Track 1 | . . . . . . . . . . . . . . . . . 1 . Assimilate 5 | . 1 . . . 1 . . . 2 . . . . . 1 . . . Botnet 19 | . 2 . . . 1 1 2 . 3 . 2 . . . 3 2 2 1 Disrupt 1 | . . . . . . . . . . . . . . . . . 1 . Fabricators . | . . . . . . . . . . . . . . . . . . . Repair Stations . | . . . . . . . . . . . . . . . . . . . Recycling Units . | . . . . . . . . . . . . . . . . . . . Scanalyzers . | . . . . . . . . . . . . . . . . . . . Garrison Access . | . . . . . . . . . . . . . . . . . . . Data Cores Recovered . | . . . . . . . . . . . . . . . . . . . Used . | . . . . . . . . . . . . . . . . . . . Hacking Detections 71 | . 4 . . . 1 13 4 . 6 1 13 2 . . 5 9 6 7 Full Trace Events 6 | . 1 . . . . 1 . . . . 1 1 . . . 1 . 1 Feedback Events 2 | . . . . . . . . . . . 1 . . . . . . 1 Corruption 1 | . . . . . . . . . . . . . . . . . . 1 Hackware Fried 1 | . . . . . . . . . . . 1 . . . . . . . Feedback Blocked . | . . . . . . . . . . . . . . . . . . . Robot Schematics Acquired . | . . . . . . . . . . . . . . . . . . . Robots Built . | . . . . . . . . . . . . . . . . . . . Authchips . | . . . . . . . . . . . . . . . . . . . Time . | . . . . . . . . . . . . . . . . . . . Total Robot Build Rating . | . . . . . . . . . . . . . . . . . . . Part Schematics Acquired 5 | . . . . . . 3 . . 1 . . . . . . . 1 . Parts Built . | . . . . . . . . . . . . . . . . . . . Authchips . | . . . . . . . . . . . . . . . . . . . Time . | . . . . . . . . . . . . . . . . . . . Total Part Build Rating . | . . . . . . . . . . . . . . . . . . . Part Studies Acquired 7 | . . . . . . 2 . . . . . . . . . 1 2 2 Parts Repaired 9 | . . . . . . . . . . . 2 . . . . 5 2 . Time 538 | . . . . . . . . . . . 126 . . . . 273 139 . Parts Recycled . | . . . . . . . . . . . . . . . . . . . Recycled Matter . | . . . . . . . . . . . . . . . . . . . Retrieved Matter . | . . . . . . . . . . . . . . . . . . . Retrieved Components . | . . . . . . . . . . . . . . . . . . . Parts Scanalyzed 3 | . . . . . . 2 . . . . . . . . . . 1 . Part Schematics Acquired 3 | . . . . . . 2 . . . . . . . . . . 1 . Parts Damaged 1 | . . . . . . 1 . . . . . . . . . . . . Bothacking | -11 -10 -10 -10 -9 -8 -7 -6 -6 -6 -5 -5 -5 -5 -5 -4 -3 -2 -1 ------------ Run | Yrd Mat Min Exi Min Mat Fac Fac Was Fac Fac Ext Cet Arc Hub Fac Res Res Acc Used RIF Installer . | . . . . . . . . . . . . . . . . . . . Robots Hacked . | . . . . . . . . . . . . . . . . . . . Non-combat . | . . . . . . . . . . . . . . . . . . . Combat . | . . . . . . . . . . . . . . . . . . . Robot Hacks Applied . | . . . . . . . . . . . . . . . . . . . Relay Couplers Released 1 | . . . . . . . . . . . . . . 1 . . . . Machine Destruction 1 | . . . . . . . . . . . . . . 1 . . . . Fabnet Peak Effective % . | . . . . . . . . . . . . . . . . . . . Robots Rewired 7 | . . . . . . . . . . . 7 . . . . . . . Allies Hacked . | . . . . . . . . . . . . . . . . . . . Hacks Repelled . | . . . . . . . . . . . . . . . . . . . Allies | -11 -10 -10 -10 -9 -8 -7 -6 -6 -6 -5 -5 -5 -5 -5 -4 -3 -2 -1 -------- Run | Yrd Mat Min Exi Min Mat Fac Fac Was Fac Fac Ext Cet Arc Hub Fac Res Res Acc Total Allies 48 | . . . . 2 1 . . 20 2 . 17 5 . . 1 . . . Largest Group 20 | . . . . 2 1 . . 20 20 5 15 14 8 5 1 . . . Highest-Rated Group 785 | . . . . 41 10 . . 737 737 149 577 785 550 325 10 . . . Highest-Rated Ally 159 | . . . . 31 10 . . 50 50 46 159 159 143 96 10 . . . Total Orders 3 | . . . . . 1 . . . . . . . 2 . . . . . STAY 1 | . . . . . . . . . . . . . 1 . . . . . FOLLOW 2 | . . . . . 1 . . . . . . . 1 . . . . . Ally Attacks 407 | . . . . 9 . . . . 109 12 128 94 49 6 . . . . Total Damage 9699 | . . . . 42 . . . . 1890 246 2746 2975 1627 173 . . . . Kills 47 | . . . . 1 . . . . 13 1 15 14 3 . . . . . Allies Corrupted 2 | . . . . . . . . . . . 2 . . . . . . . Allies Melted . | . . . . . . . . . . . . . . . . . . . Intel | -11 -10 -10 -10 -9 -8 -7 -6 -6 -6 -5 -5 -5 -5 -5 -4 -3 -2 -1 ------- Run | Yrd Mat Min Exi Min Mat Fac Fac Was Fac Fac Ext Cet Arc Hub Fac Res Res Acc Active Infowar (turns) 6511 | 10 426 703 281 352 787 226 78 8 289 26 . . . . 385 1131 900 909 Sensors 1 | . . . 1 . . . . . . . . . . . . . . . Terrain 1 | . . . . . . . . . . . . . . . . . . 1 Seismic 2781 | 10 426 703 280 352 787 223 . . . . . . . . . . . . Cloaking 461 | . . . . . . . . . . . . . . . 230 . . 231 Jamming 3340 | . . . . . . . 39 . 289 26 . . . . 155 1131 818 882 ECM 292 | . . . . . . 3 39 8 . . . . . . . 27 193 22 Robot Analysis Total 7 | . 1 . . . . . . . . . . . . . 3 1 2 . Derelict Logs Recovered 2 | . . 1 . 1 . . . . . . . . . . . . . . Drone Launches . | . . . . . . . . . . . . . . . . . . . Drone Recoveries . | . . . . . . . . . . . . . . . . . . . Exploration | -11 -10 -10 -10 -9 -8 -7 -6 -6 -6 -5 -5 -5 -5 -5 -4 -3 -2 -1 ------------- Run | Yrd Mat Min Exi Min Mat Fac Fac Was Fac Fac Ext Cet Arc Hub Fac Res Res Acc Turns Passed 11026 | 177 426 703 282 352 787 1176 451 131 453 274 1151 479 332 41 557 1131 965 1158 Spaces Moved 18201 | 84 211 501 211 252 404 2300 1236 271 1146 487 1524 539 343 93 1210 2368 1887 3134 Core 45 | 1 . 1 . . . . . . . . . . . . . . . 43 Treads 304 | 83 211 10 . . . . . . . . . . . . . . . . Legs 1357 | . . 490 211 252 404 . . . . . . . . . . . . . Wheels . | . . . . . . . . . . . . . . . . . . . Hover . | . . . . . . . . . . . . . . . . . . . Flight 16495 | . . . . . . 2300 1236 271 1146 487 1524 539 343 93 1210 2368 1887 3091 Fastest Speed 16 | 50 160 130 130 130 126 23 25 27 25 22 22 27 25 24 24 28 28 16 Average Speed 36 | 158 160 130 130 130 127 25 25 27 26 22 25 27 25 24 31 28 33 25 Slowest Speed 300 | 160 160 300 130 130 130 30 27 27 27 22 27 27 28 25 35 28 280 105 Overloaded Moves . | . . . . . . . . . . . . . . . . . . . Propulsion Burnouts . | . . . . . . . . . . . . . . . . . . . Robots Hopped 178 | . . . . . . 28 9 . 10 . 22 . 4 1 13 40 25 26 Potential Cave-ins . | . . . . . . . . . . . . . . . . . . . Cave-ins Triggered . | . . . . . . . . . . . . . . . . . . . Exploration Rate (%) 47 | 4 34 85 63 65 29 45 26 95 31 14 84 79 93 8 25 41 33 44 Regions Visited 18 Branch Regions 7 Pre-discovered Areas 1 | . . . . 1 . . . . . . . . . . . . . . Known Exits Taken 6 | . 1 . . . . 1 . . 1 . . . . . 1 1 1 . Unknown Exits Taken 10 | 1 . 1 1 1 1 . . . . 1 1 1 1 1 . . . . Scrap Searched 3 | . . 1 . 2 . . . . . . . . . . . . . . Spaces Dug 78 | . . . . . . 8 5 . . 2 2 . 1 . 15 7 15 23 Terrain Destroyed 366 | . . 30 . . . 8 5 . 16 2 39 8 21 155 15 7 15 45 Melee 72 | . . . . . . 8 5 . . 2 2 . . . 15 7 10 23 Projectile 52 | . . . . . . . . . . . 12 8 21 . . . 5 6 AOE 241 | . . 30 . . . . . . 16 . 24 . . 155 . . . 16 Terrain Rammed . | . . . . . . . . . . . . . . . . . . . Walls Destroyed . | . . . . . . . . . . . . . . . . . . . Machines Disabled . | . . . . . . . . . . . . . . . . . . . Actions | -11 -10 -10 -10 -9 -8 -7 -6 -6 -6 -5 -5 -5 -5 -5 -4 -3 -2 -1 --------- Run | Yrd Mat Min Exi Min Mat Fac Fac Was Fac Fac Ext Cet Arc Hub Fac Res Res Acc Total 21600 | 107 259 534 220 266 611 2821 1353 326 1230 652 2127 821 509 106 1363 2764 2145 3386 Wait 2543 | 3 18 9 . 5 130 455 70 49 18 149 506 233 96 10 99 346 183 164 Move 17858 | 83 210 500 210 251 403 2245 1218 270 1127 486 1487 538 334 91 1186 2295 1838 3086 Hop 148 | . . . . . . 26 9 . 8 . 14 . 4 . 10 32 23 22 Pick Up 227 | 5 6 2 2 2 35 25 9 2 21 6 6 8 8 . 22 30 23 15 Fast Attach 45 | 6 . 2 . . 2 7 . 1 . . 2 . . . 4 3 7 11 Attach 57 | 1 . . 1 . 4 9 3 . 1 2 4 . 5 1 4 2 10 10 Detach 22 | . . . 1 . 1 10 1 . . . 2 . 1 1 . . 4 1 Swap 99 | . 2 3 2 . . 13 3 3 12 2 6 6 3 . 6 10 12 16 Drop 109 | . 2 6 4 2 2 4 6 1 6 4 3 8 1 . 17 17 12 14 Fire 277 | 9 20 8 . 6 34 13 . . 10 . 66 28 57 3 . 8 5 10 Melee 154 | . . . . . . 14 8 . 27 3 2 . . . 15 21 28 36 Ram . | . . . . . . . . . . . . . . . . . . . Kick 1 | . . 1 . . . . . . . . . . . . . . . . Crush 1 | . 1 . . . . . . . . . . . . . . . . . Escape Stasis 42 | . . . . . . . 26 . . . 15 . . . . . . 1 Rewire 14 | . . . . . . . . . . . 14 . . . . . . . Trap 3 | . . 3 . . . . . . . . . . . . . . . . Miscellaneous . | . . . . . . . . . . . . . . . . . . . Route ------- -11/Scrapyard -10/Materials (discovered 4 exits: Mat x3 / *Min) -10/Mines (discovered 4 exits: *Mat x2 / *Exi / [*Sub]) -10/Exiles -9/Mines -8/Materials -7/Factory (discovered 5 exits: *Fac x4 / [*Low]) -6/Factory (discovered 4 exits: Fac x4) -6/Waste -6/Factory (discovered 6 exits: *Fac x4 / *Low x2) -5/Factory (discovered 2 exits: [*Upp] / *Ext) -5/Extension (discovered 3 exits: *Fac x2 / *Cet) -5/Cetus (discovered 2 exits: *Fac / *Arc) -5/Archives (discovered 3 exits: *Fac / [*Hub x2]) -5/Hub_04(d) -4/Factory (discovered 6 exits: *Res x4 / *Upp x2) -3/Research (discovered 6 exits: *Res x3 / Arm / *Tes x2) -2/Research (discovered 3 exits: *Acc x3) -1/Access History --------- Turn | Location | Event 16 | -11/Scrapyard | Discovered new exit (range 15) 178 | -11/Scrapyard | Entered Materials 303 | -10/Materials | Build established: Mutant 364 | -10/Materials | Identified exit to Materials 417 | -10/Materials | Identified exit to Mines 604 | -10/Materials | Entered Mines 615 | -10/Mines | Met a Derelict shopkeep closing up shop 642 | -10/Mines | Discovered exit to Materials (range 10) 728 | -10/Mines | Learned Materials stockpile data 746 | -10/Mines | Core integrity fell below 50% 767 | -10/Mines | Found a hidden stash of uninstalled traps 823 | -10/Mines | Found a damaged Exp. Sensor Array with a note attached 826 | -10/Mines | Found Prototype Device 1131 | -10/Mines | Discovered new exit (range 13) 1172 | -10/Mines | Discovered exit to Materials (range 12) 1271 | -10/Mines | Deemed a non-threat by the Exiles lab entrance 1271 | -10/Mines | Discovered new exit (range 5) 1307 | -10/Mines | Entered Exiles 1339 | -10/Exiles | Met 8R-AWN 1362 | -10/Exiles | Met EX-HEX 1398 | -10/Exiles | Met EX-BIN 1413 | -10/Exiles | Aligned with FarCom system 1414 | -10/Exiles | Given EX-Vault access code 1445 | -10/Exiles | Opened EX-Vault 1455 | -10/Exiles | Identified Exp. Sensor Array 1460 | -10/Exiles | Found Modified TNC 1463 | -10/Exiles | Found Lightpack 2.0 1490 | -10/Exiles | Warned to stay clear of 0b10 Research branches 1505 | -10/Exiles | Exiles lab attacked by MAIN.C 1574 | -10/Exiles | Discovered new exit (range 12) 1589 | -10/Exiles | Left Exiles lab with Lightpack 2.0 1589 | -10/Exiles | Entered Mines 1590 | -9/Mines | Learned location of Storage (-7) 1687 | -9/Mines | Learned 2 Materials zone layouts 1786 | -9/Mines | Assembled infested the area 1880 | -9/Mines | Lost 3 allies 1933 | -9/Mines | Discovered new exit (range 7) 1941 | -9/Mines | Entered Materials 1941 | -8/Materials | Evolved 4 slots: Propulsion x1, Utility x3 2255 | -8/Materials | Build established: Hauler-Mutant 2602 | -8/Materials | Garrison activated, responded to threat 2711 | -8/Materials | Discovered new exit (range 14) 2728 | -8/Materials | Entered Factory 2728 | -7/Factory | Evolved 2 slots: Propulsion x2 3160 | -7/Factory | Central database locked down 3176 | -7/Factory | Discovered new exit (range 15) 3187 | -7/Factory | Build established: Hauler-Sprinter 3527 | -7/Factory | Discovered new exit (range 16) 3704 | -7/Factory | Identified exit to Factory 3904 | -7/Factory | Entered another Factory area 3904 | -6/Factory | Evolved 2 slots: Utility x2 4306 | -6/Factory | Identified exit to Factory 4355 | -6/Factory | Sucked down chute 4355 | -6/Factory | Entered Waste 4356 | -6/Waste | Joined by Warlord forces that had cleared the area 4364 | -6/Waste | Found Prototype Device 4364 | -6/Waste | Identified Exp. EM Disruption Field 4421 | -6/Waste | Discovered new exit (range 11) 4486 | -6/Waste | Entered Factory 4486 | -6/Factory | Accompanied by 20 allies 4529 | -6/Factory | Discovered new exit (range 13) 4700 | -6/Factory | Found Prototype Launcher 4700 | -6/Factory | Identified Scatter Rocket Array 4727 | -6/Factory | Spotted B-75 Beast 4824 | -6/Factory | Lost 8 allies 4863 | -6/Factory | Identified exit to Lower Caves 4868 | -6/Factory | Central database locked down 4939 | -6/Factory | Entered another Factory area 4939 | -5/Factory | Accompanied by 5 allies 4939 | -5/Factory | Evolved 2 slots: Propulsion x1, Utility x1 4998 | -5/Factory | Spotted B-75 Beast 5058 | -5/Factory | Discovered new exit (range 6) 5083 | -5/Factory | Discovered new exit (range 15) 5213 | -5/Factory | Entered Extension 5213 | -5/Extension | Accompanied by 3 allies 5274 | -5/Extension | Build established: Hacker-Sprinter 5370 | -5/Extension | Rescued a captive Derelict 5370 | -5/Extension | Rescued a captive Derelict 5388 | -5/Extension | Rescued a captive Derelict 5398 | -5/Extension | Rescued a captive Derelict 5416 | -5/Extension | Rescued A7 5424 | -5/Extension | Rescued a captive Derelict 5439 | -5/Extension | Rescued a captive Derelict 5451 | -5/Extension | Spotted B-75 Beast 5467 | -5/Extension | Hacking Suite fried by hacking feedback 5618 | -5/Extension | Repaired Nuclear Pulse Array 5689 | -5/Extension | Repaired Cld. VTOL Module 5872 | -5/Extension | Destroyed B-75 Beast 5877 | -5/Extension | Spotted B-75 Beast 5897 | -5/Extension | Allies destroyed B-75 Beast 5906 | -5/Extension | Discovered new exit (range 3) 6018 | -5/Extension | Rescued a captive Derelict 6022 | -5/Extension | Rescued a captive Derelict 6195 | -5/Extension | Rescued a captive Derelict 6258 | -5/Extension | Discovered new exit (range 10) 6258 | -5/Extension | Discovered new exit (range 6) 6364 | -5/Extension | Entered Cetus 6364 | -5/Cetus | Accompanied by 14 allies (A7) 6369 | -5/Cetus | Acquired a Cetus Manufacturing Module code from A7 6369 | -5/Cetus | Spotted Cetus Guard 6370 | -5/Cetus | Spotted Cetus Guard 6378 | -5/Cetus | Spotted Cetus Guard 6379 | -5/Cetus | Spotted Cetus Guard 6394 | -5/Cetus | Allies destroyed Cetus Guard 6398 | -5/Cetus | Destroyed Cetus Guard 6398 | -5/Cetus | Allies destroyed Cetus Guard 6409 | -5/Cetus | Allies destroyed Cetus Guard 6423 | -5/Cetus | Started Cetus Manufacturing Module 6433 | -5/Cetus | Lost 7 allies 6448 | -5/Cetus | Manufactured an Enhanced Grunt 6473 | -5/Cetus | Manufactured an Enhanced Grunt 6498 | -5/Cetus | Manufactured an Enhanced Grunt 6523 | -5/Cetus | Manufactured an Enhanced Grunt 6548 | -5/Cetus | Manufactured an Enhanced Grunt 6590 | -5/Cetus | Discovered new exit (range 15) 6597 | -5/Cetus | Spotted Cetus Guard 6597 | -5/Cetus | Spotted Cetus Guard 6645 | -5/Cetus | Spotted Cetus Guard 6650 | -5/Cetus | Allies destroyed Cetus Guard 6656 | -5/Cetus | Allies destroyed Cetus Guard 6658 | -5/Cetus | Spotted Cetus Guard 6669 | -5/Cetus | Allies destroyed Cetus Guard 6671 | -5/Cetus | Allies destroyed Cetus Guard 6702 | -5/Cetus | Lost 4 allies 6740 | -5/Cetus | Discovered new exit (range 16) 6743 | -5/Cetus | Met Revision 17 6843 | -5/Cetus | Entered Archives 6843 | -5/Archives | Accompanied by 8 allies (A7) 6853 | -5/Archives | Unable to access archive contents 6857 | -5/Archives | Unable to access archive contents 6898 | -5/Archives | Lost 3 parts (3n) 6939 | -5/Archives | Unable to access archive contents 6942 | -5/Archives | Discovered new exit (range 14) 6979 | -5/Archives | Discovered new exit (range 16) 7053 | -5/Archives | Discovered new exit (range 15) 7175 | -5/Archives | Entered Hub_04(d) 7175 | -5/Hub_04(d) | Accompanied by 5 allies 7185 | -5/Hub_04(d) | Discovered new exit (range 13) 7209 | -5/Hub_04(d) | Network Hub disabled 7212 | -5/Hub_04(d) | Spotted Lightning 7216 | -5/Hub_04(d) | Spotted Lightning 7216 | -5/Hub_04(d) | Spotted Lightning 7216 | -5/Hub_04(d) | Entered Factory 7216 | -4/Factory | Evolved 2 slots: Utility x2 7233 | -4/Factory | Central database locked down 7244 | -4/Factory | Watched by a mysterious "MATRIX" hacker. 7296 | -4/Factory | Identified exit to Upper Caves 7615 | -4/Factory | Identified exit to Research 7687 | -4/Factory | Found Prototype Hackware 7687 | -4/Factory | Identified Exp. System Shield 7743 | -4/Factory | Found Prototype Processor 7743 | -4/Factory | Identified Exp. Signal Interpreter 7773 | -4/Factory | Entered Research 7773 | -3/Research | Evolved 2 slots: Power x1, Propulsion x1 7973 | -3/Research | Revision forces began assault on 0b10 7977 | -3/Research | Repaired Broken Lgt. Antimatter Reactor 8065 | -3/Research | Met up with Revision 17++ 8087 | -3/Research | Repaired Centrium Medium Armor Plating 8256 | -3/Research | Repaired Cld. VTOL Module 8267 | -3/Research | Identified exit to Research 8267 | -3/Research | Identified exit to Armory 8267 | -3/Research | Identified exit to Testing 8318 | -3/Research | Repaired Centrium Medium Armor Plating 8372 | -3/Research | Central database locked down 8448 | -3/Research | Lost 4 allies 8448 | -3/Research | Found Exp. System Shield 8473 | -3/Research | Research terminal network offline 8676 | -3/Research | Found Exp. Signal Interpreter 8706 | -3/Research | Repaired Field Propulsion Array+ 8858 | -3/Research | Found Fusion Bomb Launcher 8861 | -3/Research | Found Prototype Launcher 8861 | -3/Research | Identified Hellfire Missile Launcher 8904 | -3/Research | Entered another Research area 8904 | -2/Research | Evolved 2 slots: Propulsion x1, Utility x1 8973 | -2/Research | Central database locked down 9030 | -2/Research | Found Prototype Device 9239 | -2/Research | Repaired Centrium Medium Armor Plating 9291 | -2/Research | Found Exp. Melee Analysis Suite 9293 | -2/Research | Found Exp. Melee Analysis Suite 9406 | -2/Research | Targeted by mysterious "MATRIX" hacker. 9579 | -2/Research | Spotted B-90 Cyclops 9664 | -2/Research | Repaired Adv. Reaction Control System 9699 | -2/Research | Identified exit to Access 9860 | -2/Research | System corruption reached 10% 9869 | -2/Research | Entered Access 9869 | -1/Access | Evolved 2 slots: Propulsion x2 9884 | -1/Access | Central database locked down 9884 | -1/Access | Identified Imp. Particle Accelerator 9892 | -1/Access | Lost 5 parts (2p2n1u) 9946 | -1/Access | Lost 4 parts (3n1u) 11010 | -1/Access | Spotted B-99 Colossus 11010 | -1/Access | Spotted B-99 Colossus 11015 | -1/Access | Core integrity fell below 50% 11024 | -1/Access | System corruption reached 10% 11025 | -1/Access | Core integrity fell below 20% 11027 | -1/Access | Destroyed by B-99 Colossus with Multirail Last Messages --------------- 11020_ Slug penetrates Wall. 11020_ Penetrated by Slug. 11020_ Slug penetrates Wall. 11021_ P-80 Master resets P-80 Master, system corruption cleaned. 11021_ Penetrated by Slug. 11021_ Slug penetrates Garrison Access. 11021_ Penetrated by Slug. 11021_ Slug penetrates Wall. 11021_ Micro-nuke Launcher destroyed. 11022_ W-44 Eye destroyed. 11024_ B-99 Colossus activates siege mode. 11024_ Knocked back. 11024_ Penetrated by Slug. 11024_ Knocked back. 11024_ Penetrated by Slug. 11024_ Imp. Hacking Suite destroyed. 11024_ Penetrated by Slug. 11027_ B-99 Colossus activates siege mode. 11027_ Knocked back. Map ----- +----------------------------------------------------+ | ???????????????????????#"" #?????????????? | | ???????????????????????#G #?????????????? | | ???????????????????????#"" #?????????????? | | ???????????????????????#"" #?????????????? | | ???????????????????????#"" #?????????????? | | ???????????????????????# #?????????????? | | ???????????????????????# % #?????????????? | | ???????????????????????# p #?????????????? | | ???????????????????????#p ps########?????????????? | | ???????????????????????#sp ###########??????????? | | ???????????????????????#=% # ???????? | | ???????????????????????# ; ???????? | | ???????????????????????+ # ???????? | | ???????????????????????# % # """?????????? | | ???????????????????????#% % + """S????????? | | ???????????????????????# # ???????? | | ???????????????????????# ; ???????? | | ????????????????????#### ;;##########?????????? | | ????????????????????# % % #?????????????????? | | ????????????????????# #?????????????????? | | ????????????????????# #?????????????????? | | ????????????????????# #?????????????????? | | ????????????????????# BB BB #?????????????????? | | ????????h???????????# BB BB #?????????????????? | | ????????????????????# #?????????????????? | | ????????????????????#""""@ """#?????????????????? | | ????????????????????????" "????????????????????? | | ????????????????????????"""""????????????????????? | | ?????????????????????????????????????????????????? | | ?????????????????????????????????????????????????? | | ?????????????????????????????????????????????????? | | ?????????????????????????????????????????????????? | | ?????????????????????????????????????????????????? | | ?????????????????????????????????????????????????? | | ?????????????????????????????????????????????????? | | ?????????????????????????????????????????????????? | | ?????????????????????????????????????????????????? | | ?????????????????????????????????????????????????? | | ?????????????????????????????????????????????????? | | ?????????????????????????????????????????????????? | | ?????????????????????????????????????????????????? | | ?????????????????????????????????????????????????? | | ?????????????????????????????????????????????????? | | ?????????????????????????????????????????????????? | | ?????????????????????????????????????????????????? | | ?????????????????????????????????????????????????? | | ?????????????????????????????????????????????????? | | ?????????????????????????????????????????????????? | | ?????????????????????????????????????????????????? | | ?????????????????????????????????????????????????? | +----------------------------------------------------+ Best States ------------- Heat Dissipation 52 Energy Generation 39 Energy Capacity 240 Matter Stores 300 Matter Capacity 300 Sight Range 16 Terrain Scan Density 10 ECM Strength 2 Jamming Range 16 Cloak Strength 3 Armor Coverage 225 Melee Speed Boost 20 Phase Shifting 10 Evasion (%) 77 Melee Accuracy 12 Recoil Reduction 2 Offensive Hacking 36 Defensive Hacking 28 Item Schematics ----------------- Particle Cannon | -7/Factory | Scanalyzed Aerolev Unit | -7/Factory | Scanalyzed Nuclear Pulse Array | -7/Factory | Hacked Field Propulsion Array | -6/Factory | Hacked Adv. Reaction Control System | -2/Research | Scanalyzed Robot Schematics ------------------ None Fabricated ------------ Nothing Repaired ---------- Nuclear Pulse Array | 50% | -5/Extension Cld. VTOL Module | 61% | -5/Extension Lgt. Antimatter Reactor | 99% | -3/Research | Broken Centrium Medium Armor Plating | 36% | -3/Research Cld. VTOL Module | 33% | -3/Research Centrium Medium Armor Plating | 51% | -3/Research Field Propulsion Array | 63% | -3/Research Centrium Medium Armor Plating | 53% | -2/Research Adv. Reaction Control System | 12% | -2/Research Studied --------- Cesium-ion Thruster | -7/Factory | Hacked VTOL Module | -7/Factory | Hacked Field Propulsion Array | -3/Research | Hacked Nuclear Pulse Array | -2/Research | Hacked Lgt. Antimatter Reactor | -2/Research | Hacked Nuclear Pulse Thruster | -1/Access | Hacked Xenon Bombardment Thruster | -1/Access | Hacked Alien Tech Used ----------------- None Achievements -------------- Backstab Bumper Bots Denied? Dodgeball, But With Guns I Know It's In Here Somewhere I Survived The Infestation No Signal Ooh, Shiny! Packrat Party Time Prison Break Project G-00 Prolific Hacker Quantum Hacking Recruitment Drive Remodeling Revising The Future Revolutionary Research Rockin' Loadout Safety First The Better Part Of Valor Throw Away The Key Total Silence Ultimate Loadout We Are Legion root@ Challenges ------------ None Game ------ Seed NeutrinoBiocellExtrapolator Manual? 0 Play Time 04:22:46 Cumulative 11.2 hours Start 2026.02.23 @ 18:09:33 End 2026.02.26 @ 22:50:56 Sessions 13 Manual Loads 0 Difficulty Rogue Special Mode None Game No. 5 Rogue 5 Adventurer 0 Explorer 0 Win Type - Total 0 Types 0/0/0/0/0/0/0/0/0/0 Lore% 18 Gallery% 14 Achievement% 19 Wizard Run 0 Options --------- Layout 1 ASCII 0 Keyboard 1 Movement Arrows Keybinds 0 Fullscreen 2 Font 24/Smallcaps Map View 50x35 Zoom Use 0% Tactical HUD 1 Map Filters NONE Filters NONE Steam 1 RUN: d47a8752-9e24-4490-a5b3-37c67bbf6396